 Dungeon Crawl Stone Soup version bcrawl-1.18.1 (webtiles) character file.

Game seed: 14234784161437101075

21 JackS81 the Cudgeler (level 2, 0/26 HPs)
             Began as a Minotaur Monk on Nov 9, 2019.
             Succumbed to a goblin's poison
             ... on level 1 of the Dungeon.
             The game lasted 00:02:16 (515 turns).

JackS81 the Cudgeler (Minotaur Monk)                 Turns: 515, Time: 00:02:17

Health: 0/26       AC:  2    Str: 14 (15) XL:     2   Next: 62%
Magic:  2/2        EV: 13    Int:  5 (7)  God:
Gold:   9          SH:  0    Dex: 10 (12) Spells: 1/1 levels left

rFire    . . .     SeeInvis .   a - +0 mace
rCold    . . .     Gourm    .   (no shield)
rNeg     . . .     Faith    .   b - +0 robe
rPois    .         Spirit   +   c - +0 hat
rElec    .         Reflect  .   (no cloak)
rCorr    .         Harm     .   (no gloves)
MR       .....                  (no boots)
Stlth    ++........             d - amulet of guardian spirit
HPRegen  0.08/turn              (no ring)
MPRegen  0.08/turn              (no ring)

@: lethally poisoned (0 -> -6)
A: retaliatory headbutt, horns 2, blurry vision 1, sense surroundings 1
a: no special abilities


You were on level 1 of the Dungeon.
You were not hungry.

You visited 1 branch of the dungeon, and saw 1 of its levels.

You collected 9 gold pieces.

Inventory:

Hand Weapons
 a - a +0 mace (weapon)
 o - a +2 dagger of venom
Missiles
 e - 155 arrows
 g - 163 stones (quivered)
 n - 36 needles of confusion
Armour
 b - a +0 robe (worn)
 c - a +0 hat (worn)
 k - a +0 ring mail
Jewellery
 d - an amulet of guardian spirit (around neck)
Scrolls
 h - a scroll of amnesia {unknown}
 m - a scroll of identify {unknown}
Comestibles
 f - 2 rations {!d}
 i - 4 chunks of flesh


   Skills:
 - Level 3.6 Fighting
 * Level 4.5 Maces & Flails
 * Level 1.2 Armour
 - Level 3.2 Dodging
 - Level 1.7 Stealth
   Level 2.0 Invocations


You had one spell level left.
You didn't know any spells.
Your spell library was empty.

Dungeon Overview and Level Annotations

Branches:
Dungeon (1/12)

Altars:


Innate Abilities, Weirdness & Mutations

You reflexively headbutt those who attack you in melee.
You have a pair of horns on your head.
Scrolls take you a little longer to read.
You passively map a small area around you.


Message History

Your vision blurs.
You feel a strange attunement to the structure of the dungeons.
* * * LOW HITPOINT WARNING * * *
You feel sick.
* * * LOW HITPOINT WARNING * * *
You feel sick.
* * * LOW HITPOINT WARNING * * *
You feel sick.
* * * LOW HITPOINT WARNING * * *
You feel sick.
* * * LOW HITPOINT WARNING * * *
You feel sick.
* * * LOW HITPOINT WARNING * * *
You feel sick.
* * * LOW HITPOINT WARNING * * *
You feel sick.
There is a lethal amount of poison in your body!
* * * LOW HITPOINT WARNING * * *
You feel sick.
You die...

##.#..........# ** ,
,#####>.....#* , * *
#....÷.# #......##
.#...#..≈.. ,
#.......##.#.....≈≈.. ##
####.##.##.....≈≈≈≈.##.#
#.##.# ....≈≈≈≈..#.## #.#
#.##.# #≈.≈≈≈≈.≈...# *..
#...@# ##.≈≈≈≈≈≈≈≈.#
#.#####.# #).≈≈≈≈≈≈≈≈.#
#..####.###≈≈.≈...≈≈≈.##
#..##...##.≈≈..<≈.≈≈...
#.##...##.≈≈≈..≈≈...#.
#######.......#..≈≈≈.≈≈≈..#
#........##.###..≈≈≈≈≈≈...##
#>......###.##...≈≈≈≈≈≈≈...#
#.......###.##....≈≈≈≈..≈...


There were no monsters in sight!

Vanquished Creatures
  A leopard gecko (D:1)
  4 bats (D:1)
  A giant cockroach (D:1)
  4 goblins (D:1)
  2 hobgoblins (D:1)
  2 frilled lizards (D:1)
  2 kobolds (D:1)
  4 rats (D:1)
20 creatures vanquished.

Notes
Turn   | Place    | Note
-------+----------+-------------------------------------------
     0 | D:1      | JackS81 the Minotaur Monk began the quest for the Orb.
     0 | D:1      | Reached XP level 1. HP: 19/19 MP: 1/1
    94 | D:1      | Reached skill level 4 in Maces & Flails
   173 | D:1      | Reached XP level 2. HP: 15/26 MP: 2/2
   294 | D:1      | Reached skill level 1 in Armour
   503 | D:1      | Gained mutation: Scrolls take you a little longer to read.
                  | [potion of mutation]
   503 | D:1      | Gained mutation: You passively map a small area around you.
                  | [potion of mutation]
   513 | D:1      | HP: 1/26 [poisoned by a goblin]
   515 | D:1      | Succumbed to a goblin's poison

Skill      XL: |  1  2 |
---------------+-------+-----
Maces & Flails | 4 |  4.5
Armour         | 1 |  1.2
Fighting       | |  3.6
Dodging        | |  3.2
Stealth        | |  1.7
Invocations    | |  2.0

Action                   || total
-------------------------++-------
Melee: Mace              ||    27
       Headbutt          ||     1
  Use: Potion            ||     2
 Stab: Sleeping          ||     2
Armor: Robe              ||     6
Dodge: Dodged            ||    14
